 Dungeon Crawl Stone Soup version 0.22-a0-570-g58866f5 (webtiles) character file.

879 iamserjio the Shield-Bearer (level 8, -3/49 HPs)
             Began as a Gargoyle Fighter on June 30, 2018.
             Slain by a killer bee (5 damage)
             ... on level 6 of the Dungeon.
             The game lasted 00:08:15 (1164 turns).

iamserjio the Shield-Bearer (Gargoyle Fighter)      Turns: 1164, Time: 00:08:16

Health: -3/49      AC: 19    Str: 21    XL:     8   Next: 5%
Magic:  8/8        EV:  4    Int:  9    God:
Gold:   96         SH: 10    Dex: 10    Spells: 7/7 levels left

rFire    . . .     SeeInvis .   a - +0 war axe
rCold    . . .     Gourm    .   c - +0 shield
rNeg     + . .     Faith    .   m - +0 plate armour
rPois    ∞         Spirit   .   g - +0 helmet
rElec    +         Reflect  .   (no cloak)
rCorr    .         Harm     .   (no gloves)
MR       .....                  (no boots)
Stlth    ..........             (no amulet)
HPRegen  0.16/turn              (no ring)
MPRegen  0.11/turn              (no ring)

@: very slightly contaminated, invisible
A: negative energy resistance 1, electricity resistance, unbreathing,
petrification resistance, rot immunity, AC +5
a: no special abilities


You were on level 6 of the Dungeon.
You were hungry.

You visited 1 branch of the dungeon, and saw 6 of its levels.

You collected 161 gold pieces.
You spent 65 gold pieces at shops.

Inventory:

Hand Weapons
 a - a +0 war axe (weapon)
 h - a +0 spear
 u - a +3 battleaxe
Armour
 b - a +0 scale mail
 c - a +0 shield (worn)
 g - a +0 helmet (worn)
 m - a +0 plate armour (worn)
Scrolls
 j - 2 scrolls of teleportation
 k - a scroll of fear
 n - 2 scrolls of random uselessness {unknown}
 o - a scroll of blinking {unknown}
 q - a scroll of identify {@r1}
Potions
 d - a potion of mutation
 e - 2 potions of curing {unknown}
 i - a potion of flight
 l - a potion of berserk rage
 p - a potion of degeneration {unknown}
 r - a potion of agility {unknown}
Comestibles
 f - 3 rations


   Skills:
 + Level 5.1 Fighting
 * Level 4.9 Axes
 + Level 5.0 Armour
 * Level 6.5 Shields


You had 7 spell levels left.
You didn't know any spells.
Your spell library was empty.

Dungeon Overview and Level Annotations

Branches:
Dungeon (6/15)
 Temple: D:4-7

Altars:
Cheibriados
Kikubaaqudgha
Okawaru
Ru
Yredelemnul
Zin

Shops:
D:4 *%?


Innate Abilities, Weirdness & Mutations

You are resistant to torment.
Your stone body is resilient. (AC +5)
You are immune to poison.
You resist negative energy. (rN+)
You are resistant to electric shocks. (rElec)
You can survive without breathing.
You are immune to petrification.
You are immune to rotting.


Message History

You now have 96 gold pieces (gained 22).
You feel yourself speed up.
It was a potion of invisibility.
You fade into invisibility!
You are very lightly contaminated with residual magic.
The killer bee buzzes angrily.
You block the orc's attack.
You closely miss the orc.
The killer bee buzzes angrily.
Wear which item? (? for menu, Esc to quit)
Okay, then.
The killer bee buzzes angrily.
The killer bee barely misses you.
You miss the killer bee. You block the killer bee's attack.
The killer bee stings you.
* * * LOW HITPOINT WARNING * * *
You miss the killer bee.
The killer bee stings you but does no damage. x2
The killer bee stings you.
You die...

..# .# # . .[.
..#.#..##.
..##.#.......#
#.#..........#
######............#
......)yo.........
##.# #..[#.# +.<#
##oy.#.## ##)#
#...@...#
....#..#..[#....
.#...#<.....+ .
..#...####...# ..
#..>. +...+ ...
###### #...# ...
#####


You could see a killer bee and an orc.

Vanquished Creatures
  A sky beast (D:5)
  3 ogres
  A scorpion (D:5)
  3 killer bees
  2 hounds
  3 orc wizards (D:6)
  An orc priest (D:6)
  An iguana (D:5)
  A worker ant (D:5)
  3 gnolls (D:2)
  3 adders
  3 shadow imps (D:5)
  An adder skeleton (D:4)
  A worm (D:2)
  A dart slug (D:1)
  3 leopard geckos
  2 orcs
  A ball python (D:2)
  A giant cockroach (D:5)
  3 goblins
  2 hobgoblins
  5 jackals (D:5)
  2 kobolds
  4 quokkas
  4 frilled lizards
  A leopard gecko skeleton (D:5)
  2 rats (D:1)
58 creatures vanquished.

Notes
Turn   | Place    | Note
-------+----------+-------------------------------------------
     0 | D:1      | iamserjio the Gargoyle Fighter began the quest for the Orb.
     0 | D:1      | Reached XP level 1. HP: 14/14 MP: 1/1
    62 | D:1      | Reached XP level 2. HP: 14/19 MP: 2/2
   116 | D:2      | Reached XP level 3. HP: 17/23 MP: 3/3
   135 | D:2      | Reached skill level 4 in Shields
   210 | D:3      | Reached XP level 4. HP: 27/29 MP: 4/4
   241 | D:3      | Found an iron altar of Okawaru.
   251 | D:3      | Found a snail-covered altar of Cheibriados.
   254 | D:3      | Found a basalt altar of Yredelemnul.
   257 | D:3      | Found an ancient bone altar of Kikubaaqudgha.
   465 | D:4      | Noticed an ogre
   465 | D:4      | Noticed an ogre
   467 | D:4      | Found Xikk's General Store.
   480 | D:4      | Killed an ogre
   480 | D:4      | Reached XP level 5. HP: 21/33 MP: 5/5
   484 | D:4      | Killed an ogre
   484 | D:4      | Reached XP level 6. HP: 15/38 MP: 6/6
   504 | D:4      | Found Tet Woimn's Food Shoppe.
   507 | D:4      | Bought a scroll of teleportation for 30 gold pieces
   507 | D:4      | Bought a scroll of fear for 35 gold pieces
   574 | D:4      | Found Defios's Magic Scroll Shop.
   589 | D:4      | Reached skill level 5 in Shields
   650 | D:5      | Entered Level 5 of the Dungeon
   809 | D:5      | Noticed a sky beast
   813 | D:5      | Found a glowing silver altar of Zin.
   813 | D:5      | Found a sacrificial altar of Ru.
   884 | D:5      | Killed a sky beast
   942 | D:5      | Reached XP level 7. HP: 24/44 MP: 7/7
  1118 | D:6      | Reached skill level 6 in Shields
  1137 | D:6      | Reached skill level 5 in Fighting
  1141 | D:5      | Reached skill level 5 in Armour
  1141 | D:5      | HP: 1/44 [killer bee (3)]
  1142 | D:5      | Reached XP level 8. HP: 2/49 MP: 8/8
  1163 | D:6      | HP: 2/49 [killer bee (5)]
  1164 | D:6      | Slain by a killer bee

Vault maps used:
D:1:      minmay_arrival_five_plusses
D:2:      cheibrodos_old_hovel, first_ration, serial_park_tiny_pond
D:3:      grunt_temple_overflow_cloverleaf, chequers_big_river,
          minmay_misc_feat_ornament, minmay_close_crescents
D:4:      serial_shops, shop, shop_scrolls, nicolae_shop_waterfront
D:5:      gammafunk_temple_overflow_wave

Skill      XL: |  1  2  3  4  5  6  7 |
---------------+----------------------+-----
Axes           | 2 3 4 |  4.9
Shields        | 4 5 6 |  6.5
Fighting       | 4 5 |  5.1
Armour         | 4 5 |  5.0

Action                   |  1- 3 |  4- 6 |  7- 9 || total
-------------------------+-------+-------+-------++-------
Melee: War axe           |    27 |   187 |    55 ||   269
  Use: Potion            |     1 |     1 |     4 ||     6
       Scroll            |       |     3 |       ||     3
  Eat: Chunk             |       |       |     1 ||     1
Armor: Scale mail        |    18 |     2 |       ||    20
       Plate armour      |       |   164 |   134 ||   298
Dodge: Dodged            |     8 |    34 |    32 ||    74
Block: Shield            |    14 |   129 |    80 ||   223

Table legend:
 A = Spawn XP
 B = Non-spawn XP
 C = Spawn XP percentage of total XP
 D = Spawn monster count
 E = Non-spawn monster count
 F = Spawn count percentage of total count
 G = Total turns spent on level
                    A         B        C        D         E        F      G
               +---------+---------+-------+---------+---------+-------+---------
         Total |       0 |    1257 |   0.0 |       0 |      58 |   0.0 |  1164
               +---------+---------+-------+---------+---------+-------+---------
           D:1 |       0 |      11 |   0.0 |       0 |       6 |   0.0 |   102
           D:2 |       0 |      69 |   0.0 |       0 |       9 |   0.0 |    96
           D:3 |       0 |       7 |   0.0 |       0 |       4 |   0.0 |   151
           D:4 |       0 |     268 |   0.0 |       0 |       9 |   0.0 |   359
           D:5 |       0 |     629 |   0.0 |       0 |      24 |   0.0 |   387
           D:6 |       0 |     273 |   0.0 |       0 |       6 |   0.0 |    69
               +---------+---------+-------+---------+---------+-------+---------
